 Dungeon Crawl Stone Soup version 0.28.0 (webtiles) character file.

Game seed: 11850897452774493507

2960 Renzlar the Blocker (level 9, -6/74 HPs)
             Began as a Gnoll Fighter on Feb 13, 2022.
             Was a Priest of Okawaru.
             Mangled by Harold (21 damage)
             ... on level 7 of the Dungeon.
             The game lasted 00:24:13 (6757 turns).

Renzlar the Blocker (Gnoll Fighter)                 Turns: 6757, Time: 00:24:15

Health: -6/74      AC: 11    Str: 25    XL:     9   Next: 81%
Magic:  15/15      EV: 10    Int:  7    God:    Okawaru [***...]
Gold:   75         SH: 12    Dex: 13    Spells: 17/17 levels left

rFire   + . .      SeeInvis .   a - +1 war axe
rCold   . . .      Faith    .   s - +2 kite shield {rF+}
rNeg    . . .      Spirit   .   b - +1 scale mail
rPois   .          Reflect  .   g - +0 helmet
rElec   .          Harm     .   (no cloak)
rCorr   .          Rampage  .   (no gloves)
Will    .....                   n - +0 pair of boots
Stlth   +.........              (no amulet)
HPRegen 0.22/turn               r - +6 ring of strength
MPRegen 0.14/turn               (no ring)

@: marked, studying Unarmed Combat
A: fangs 1, strong nose, distributed training
a: Renounce Religion, Heroism


You were on level 7 of the Dungeon.
You worshipped Okawaru.
Okawaru was most pleased with you.
You visited 2 branches of the dungeon, and saw 8 of its levels.

You collected 333 gold pieces.
You spent 258 gold pieces at shops.

Inventory:

Hand Weapons
 a - a +1 war axe (weapon)
 c - a +0 hunting sling
 d - the +6 dagger of Circular Logic {flame, rF+}
   (You took it off an orc on level 4 of the Dungeon)

   It burns those it strikes, dealing additional fire damage.
   rF:        It protects you from fire.
Missiles
 e - 191 stones (quivered)
 i - 37 bolts
 u - 30 sling bullets
 v - 16 poisoned darts
Armour
 b - a +1 scale mail (worn)
 g - a +0 helmet (worn)
 n - a +0 pair of boots (worn)
 s - a +2 kite shield of fire resistance (worn)
Jewellery
 h - a ring of flight
 r - a +6 ring of strength (left hand)
 x - a ring of protection from cold
 y - a ring of protection from fire
Wands
 p - a wand of mindburst (27)
Scrolls
 o - a scroll of blinking
 t - 2 scrolls of teleportation
Potions
 f - a potion of curing
 j - a potion of brilliance {unknown}
 k - 2 potions of cancellation
 l - a potion of lignification {unknown}
 m - a potion of mutation
 q - a potion of resistance {unknown}
 w - a potion of flight {unknown}
 z - a potion of might


   Skills:
 + Level 8.1 Fighting
 + Level 4.6 Short Blades
 + Level 4.6 Long Blades
 + Level 6.6 Axes
 + Level 4.6 Maces & Flails
 + Level 4.6 Polearms
 + Level 4.6 Staves
 + Level 4.6 Slings
 + Level 4.6 Bows
 + Level 4.6 Crossbows
 + Level 4.6 Throwing
 + Level 8.1 Armour
 + Level 4.6 Dodging
 + Level 4.6 Stealth
 + Level 8.1 Shields
 + Level 5.3 Unarmed Combat
 + Level 4.6 Spellcasting
 + Level 3.8 Conjurations
 + Level 3.8 Hexes
 + Level 3.8 Summonings
 + Level 3.8 Necromancy
 + Level 3.8 Translocations
 + Level 3.8 Transmutations
 + Level 3.8 Fire Magic
 + Level 3.8 Ice Magic
 + Level 3.8 Air Magic
 + Level 3.8 Earth Magic
 + Level 3.8 Poison Magic
 + Level 5.1 Invocations
 + Level 4.6 Evocations


You had 17 spell levels left.
You didn't know any spells.
Your spell library contained the following spells:

 Spells                   Type           Power      Damage    Failure   Level
 Magic Dart               Conj           24%        1d4       32%         1
 Sublimation of Blood     Necr           6%         N/A       43%         2
 Frozen Ramparts          Ice            12%        1d3       67%         3
 Mephitic Cloud           Conj/Pois/Air  6%         N/A       67%         3
 Ice Form                 Ice/Tmut       6%         N/A       97%         4
 Petrify                  Tmut/Erth      6%         N/A       97%         4
 Blade Hands              Tmut           3%         N/A       100%        5
 Irradiate                Conj/Tmut      3%         3d15      100%        5
 Iron Shot                Conj/Erth      3%         9d2       100%        6
 Call Imp                 Summ           Unusable   N/A       N/A         2
 Animate Armour           Summ/Erth      Unusable   N/A       N/A         4
 Summon Ice Beast         Ice/Summ       Unusable   N/A       N/A         4

Dungeon Overview and Level Annotations

Branches:
Dungeon (7/15)             Temple (1/1) D:5

Altars:
Elyvilon
Fedhas
Gozag
Kikubaaqudgha
Makhleb
Nemelex Xobeh
Okawaru
Qazlal
Ru
Trog
Uskayaw
Wu Jian
Yredelemnul
Zin
The Shining One
Beogh

Shops:
D:4 *

Annotations:
D:3 3 runed translucent doors, 0gre's ghost, amateur GnIE
D:7 Harold


Innate Abilities, Weirdness & Mutations

You have very sharp teeth.
Your uncanny sense of smell can sniff out nearby items.
Your experience applies equally to all skills.


Message History

You hit Harold but do no damage.
Harold is severely wounded.
The centaur skeleton hits you.
* * * LOW HITPOINT WARNING * * *
The centaur skeleton closely misses you.
Harold hits you with a +0 glaive!
* * * LOW HITPOINT WARNING * * *
You feel better.
You block the centaur skeleton's attack.
The centaur skeleton kicks you but does no damage.
Harold hits you with a +0 glaive!
* * * LOW HITPOINT WARNING * * *
The +6 dagger of Circular Logic {flame, rF+} stops flaming.
a - a +1 war axe (weapon)
The centaur skeleton hits you but does no damage.
You block the centaur skeleton's attack.
You hit Harold but do no damage.
Harold is severely wounded.
You hit the centaur skeleton.
You block the centaur skeleton's attack. x2
You block Harold's attack.
You hit Harold but do no damage. Your bite misses Harold.
Harold is severely wounded.
You slash the centaur skeleton!
You block the centaur skeleton's attack. x2
You block Harold's attack.
The centaur skeleton hits you but does no damage.
The centaur skeleton barely misses you.
You feel better.
Harold points at you and mumbles some strange words.
The mark upon you grows brighter.
The centaur skeleton hits you but does no damage.
You block the centaur skeleton's attack.
You hit Harold but do no damage.
Harold is severely wounded.
You completely miss the centaur skeleton.
You feel like a meek peon again.
The centaur skeleton hits you but does no damage.
The centaur skeleton barely misses you. Harold hits you with a +0 glaive!!
You die...

#.#####≈≈≈.####....###.
..######.#≈≈≈≈≈≈≈.#
#....# ##
.........#≈≈≈≈≈≈≈.#
#.#.##
..######.#≈≈≈≈≈≈≈.#
##.#.#
#.###≈≈≈≈≈.###..#.#
#...##≈≈≈..##..##.#
#.##(##≈≈...<..##.#
#####.##..........#
#@Z...######.##
.≈≈≈≈≈.@...#######..#
........##..........##
...##.#.# #.........###
## ..#.# #...........#
..##.####........##.#
#..##.##..............
.........#........###.
##.....##..####.### ##


You could see Harold and a centaur skeleton.

Vanquished Creatures
  A kobold demonologist (D:6)
  Grinder (D:6)
  A steam dragon (D:7)
  The ghost of AlmostDecent the Chopper, an amateur GrFi (D:4)
  2 water moccasins (D:5)
  Duvessa (D:4)
  2 ice beasts (D:5)
  2 sky beasts
  A black bear (D:5)
  2 ogres (D:5)
  A phantom (D:5)
  2 kobold brigands (D:6)
  A wyvern zombie (D:7)
  2 scorpions
  2 water moccasin skeletons
  Dowan (D:4)
  A howler monkey (D:6)
  2 centaur zombies
  2 bullfrog skeletons
  2 hounds
  2 orc priests (D:4)
  A centaur skeleton (D:5)
  3 iguanas
  Natasha (thrice) (D:3)
  A scorpion zombie (D:5)
  15 gnolls
  7 adders
  An ufetubus (D:5)
  A worm (D:3)
  4 dart slugs
  12 orcs
  9 ball pythons
  2 bats
  9 endoplasms
  4 giant cockroaches
  6 goblins
  3 hobgoblins
  4 quokkas
  A frilled lizard (D:2)
  10 kobolds
  4 rats
132 creatures vanquished.

Notes
Turn   | Place    | Note
-------+----------+-------------------------------------------
     0 | D:1      | Renzlar the Gnoll Fighter began the quest for the Orb.
     0 | D:1      | Reached XP level 1. HP: 23/23 MP: 1/1
   239 | D:1      | Found a faded altar of an unknown god.
   249 | D:1      | Reached XP level 2. HP: 20/29 MP: 2/2
   988 | D:2      | Reached XP level 3. HP: 35/35 MP: 3/3
  1273 | D:2      | Reached skill level 1 in Invocations
  1639 | D:3      | Noticed Natasha
  1646 | D:3      | Killed Natasha
  1647 | D:3      | Reached skill level 1 in Short Blades
  1647 | D:3      | Reached skill level 1 in Long Blades
  1647 | D:3      | Reached skill level 1 in Maces & Flails
  1647 | D:3      | Reached skill level 1 in Polearms
  1647 | D:3      | Reached skill level 1 in Staves
  1647 | D:3      | Reached skill level 1 in Slings
  1647 | D:3      | Reached skill level 1 in Bows
  1647 | D:3      | Reached skill level 1 in Crossbows
  1647 | D:3      | Reached skill level 1 in Throwing
  1647 | D:3      | Reached skill level 1 in Dodging
  1647 | D:3      | Reached skill level 1 in Stealth
  1647 | D:3      | Reached skill level 1 in Unarmed Combat
  1647 | D:3      | Reached skill level 1 in Spellcasting
  1647 | D:3      | Reached skill level 1 in Evocations
  1647 | D:3      | Reached XP level 4. HP: 41/41 MP: 5/5
  1891 | D:3      | Noticed Natasha
  1902 | D:3      | Killed Natasha
  1903 | D:3      | Reached skill level 1 in Conjurations
  1903 | D:3      | Reached skill level 1 in Hexes
  1903 | D:3      | Reached skill level 1 in Summonings
  1903 | D:3      | Reached skill level 1 in Necromancy
  1903 | D:3      | Reached skill level 1 in Translocations
  1903 | D:3      | Reached skill level 1 in Transmutations
  1903 | D:3      | Reached skill level 1 in Fire Magic
  1903 | D:3      | Reached skill level 1 in Ice Magic
  1903 | D:3      | Reached skill level 1 in Air Magic
  1903 | D:3      | Reached skill level 1 in Earth Magic
  1903 | D:3      | Reached skill level 1 in Poison Magic
  1919 | D:3      | Noticed Natasha
  1924 | D:3      | Killed Natasha
  1925 | D:3      | Reached XP level 5. HP: 47/47 MP: 5/7
  2040 | D:3      | Found a runed translucent gate.
  2042 | D:3      | Found a runed translucent gate.
  2043 | D:3      | Found a runed translucent gate.
  2043 | D:3      | Noticed 0gre's ghost (amateur GnIE)
  2047 | D:3      | You fall into a shaft and drop 3 floors!
  2047 | D:6      | Noticed a black bear
  2047 | D:6      | Noticed a phantom
  2055 | D:5      | Entered Level 5 of the Dungeon
  2065 | D:5      | Killed a phantom
  2066 | D:5      | Killed a black bear
  2067 | D:5      | Reached skill level 5 in Axes
  2067 | D:5      | Reached XP level 6. HP: 22/53 MP: 7/9
  2355 | D:5      | Reached XP level 7. HP: 59/59 MP: 10/10
  2842 | D:5      | Found a staircase to the Ecumenical Temple.
  2861 | Temple   | Entered the Ecumenical Temple
  2898 | Temple   | Became a worshipper of Warmaster Okawaru
  2951 | D:5      | Reached XP level 8. HP: 25/67 MP: 12/12
  3322 | D:5      | Reached * piety under Okawaru
  3451 | D:4      | Found Wubrusha's Fire Supplies.
  3777 | D:4      | Bought a +2 kite shield of fire resistance for 258 gold
                  | pieces
  4092 | D:4      | Found a runed translucent gate.
  4093 | D:4      | Found a runed translucent gate.
  4095 | D:4      | Found a runed translucent gate.
  4098 | D:4      | Identified the +6 dagger of Circular Logic {flame, rF+}
  4102 | D:4      | Noticed AlmostDecent's ghost (amateur GrFi)
  4131 | D:4      | Killed AlmostDecent's ghost
  4695 | D:4      | Noticed Duvessa
  4695 | D:4      | Noticed Dowan
  4707 | D:4      | Killed Duvessa
  4731 | D:4      | Killed Dowan
  5198 | D:3      | Found a glowing silver altar of Zin.
  5198 | D:3      | Found a glowing golden altar of the Shining One.
  5199 | D:3      | Found a bloodstained altar of Trog.
  5460 | D:5      | Reached XP level 9. HP: 73/73 MP: 11/14
  5541 | D:6      | Found a burning altar of Makhleb.
  5562 | D:6      | Noticed a kobold demonologist
  5583 | D:6      | Noticed a soul eater
  5583 | D:6      | Killed a kobold demonologist
  5583 | D:6      | Reached ** piety under Okawaru
  5957 | D:6      | Found a hide-covered altar of Uskayaw.
  6248 | D:6      | Noticed Grinder
  6267 | D:6      | Killed Grinder
  6268 | D:6      | Reached skill level 5 in Unarmed Combat
  6425 | D:7      | Reached skill level 5 in Invocations
  6650 | D:7      | Reached *** piety under Okawaru
  6726 | D:7      | Noticed Harold
  6757 | D:7      | Mangled by Harold

Illustrated notes

Levels and vault maps discovered:
D:1:      lightli_arrival_statue_moat, layout_basic,
          hellmonk_ecumenical_altar_run_dry, minmay_misc_feat_tiny,
          minmay_misc_feat_four_crosses, chequers_serial_rivers_marsh,
          chequers_mini_garden
D:2:      layout_loops_ring, st_stairs_3
D:3:      layout_basic, gammafunk_temple_overflow_claw,
          gammafunk_ghost_necromancy, minmay_misc_feat_enclosed, uniq_natasha
D:4:      layout_gridville, biasface_ghost_orc_armoury, nicolae_shop_fire_sale
          [nicolae_sub_dead_trees], uniq_duvessa
D:5:      layout_rooms, minmay_temple_entry_stoned_glass, gup_sewer_entry_glass
D:6:      layout_cave_pods, eat_drink_and_be_merry_uskayaw,
          overflow_temple_1_default, uniq_grinder
D:7:      layout_rooms, enter_bailey_3, grunt_decor_junction, uniq_harold
Temple:   eino_temple_lava

Skill      XL: |  1  2  3  4  5  6  7  8  9 |
---------------+----------------------------+-----
Invocations    | 1 2 3 4 5 |  5.1
Short Blades   | 1 2 3 4 |  4.6
Long Blades    | 1 2 3 4 |  4.6
Maces & Flails | 1 2 3 4 |  4.6
Polearms       | 1 2 3 4 |  4.6
Staves         | 1 2 3 4 |  4.6
Slings         | 1 2 3 4 |  4.6
Bows           | 1 2 3 4 |  4.6
Crossbows      | 1 2 3 4 |  4.6
Throwing       | 1 2 3 4 |  4.6
Dodging        | 1 2 3 4 |  4.6
Stealth        | 1 2 3 4 |  4.6
Unarmed Combat | 1 2 3 5 |  5.3
Spellcasting   | 1 2 3 4 |  4.6
Evocations     | 1 2 3 4 |  4.6
Conjurations   | 1 2 3 |  3.8
Hexes          | 1 2 3 |  3.8
Summonings     | 1 2 3 |  3.8
Necromancy     | 1 2 3 |  3.8
Translocations | 1 2 3 |  3.8
Transmutations | 1 2 3 |  3.8
Fire Magic     | 1 2 3 |  3.8
Ice Magic      | 1 2 3 |  3.8
Air Magic      | 1 2 3 |  3.8
Earth Magic    | 1 2 3 |  3.8
Poison Magic   | 1 2 3 |  3.8
Axes           | 5 6 |  6.6
Fighting       | 7 8 |  8.1
Armour         | 7 8 |  8.1
Shields        | 7 8 |  8.1

Action                   |  1- 3 |  4- 6 |  7- 9 || total
-------------------------+-------+-------+-------++-------
Melee: War axe           |    84 |    49 |   126 ||   259
       Bite              |     5 |     8 |    39 ||    52
       Dagger            |       |       |   210 ||   210
 Fire: Hunting sling     |    13 |    29 |    55 ||    97
Throw: Stone             |     4 |       |       ||     4
Invok: Heroism           |       |       |     3 ||     3
Evoke: Wand              |       |       |     6 ||     6
  Use: Scroll            |     3 |     2 |    10 ||    15
       Potion            |       |     1 |     5 ||     6
 Stab: Sleeping          |       |       |     1 ||     1
Armor: Scale mail        |    29 |    31 |   138 ||   198
Dodge: Dodged            |    36 |    31 |   157 ||   224
Block: Buckler           |    23 |    20 |    25 ||    68
       Kite shield       |       |       |   163 ||   163
